 Dungeon Crawl Stone Soup version 0.31.0-11-ge490571c62 (webtiles) character file.

Game seed: 11912107578970479838

58 qw the Shooter (level 3, -1/18 HPs)
             Began as a Spriggan Hunter on Feb 4, 2024.
             Slain by a hobgoblin (4 damage)
             ... led by Robin
             ... on level 3 of the Dungeon.
             The game lasted 00:00:04 (1346 turns).

qw the Shooter (Spriggan Hunter)                    Turns: 1346, Time: 00:00:05

Health: -1/18      AC:  2    Str:  7    XL:     3   Next: 75%
Magic:  4/4        EV: 19    Int: 10    God:
Gold:   118        SH:  0    Dex: 20    Spells: 2/2 levels left

rFire   . . .        a - +0 shortbow
rCold   . . .        (shield currently unavailable)
rNeg    . . .        c - +0 robe
rPois   .            (helmet restricted)
rElec   .            (no cloak)
rCorr   .            (gloves unavailable)
SInv    +            (boots unavailable)
Will    .....        (no amulet)
Stlth   ++           (no ring)
HPRegen 0.23/turn    (no ring)
MPRegen 0.09/turn

%: no passive effects
@: about to teleport, very quick
A: very small, no large weapons, unfitting armour, see invisible, speed 3
a: no special abilities


You were on level 3 of the Dungeon.
You visited 1 branch of the dungeon, and saw 3 of its levels.

You collected 118 gold pieces.


Innate Abilities, Weirdness & Mutations

You are very small and have problems with some larger weapons.
You are too small for most types of armour.
You have supernaturally acute eyesight. (SInv)
You cover ground extremely quickly. (Speed+++)


   Skills:
 - Level 1.5 Fighting
 + Level 4.9 Ranged Weapons
 - Level 4.0 Dodging
 - Level 1.5 Stealth


You had 2 spell levels left.
You didn't know any spells.
Your spell library was empty.

Inventory:

Hand Weapons
 a - a +0 shortbow (weapon)
Armour
 c - a +0 robe (worn)

Dungeon Overview and Level Annotations

Branches:
Dungeon (3/15)

Altars:

Annotations:
D:3 Robin


Message History

You shoot an arrow. The hobgoblin shouts!
The arrow hits the goblin.
You kill the goblin!
You hear a shout! x2
A goblin comes into view. It is wielding a +0 dagger.
Robin of the Strong Arm comes into view.
They are wielding a +0 club and carrying a wand of flame.
You shoot an arrow. The arrow barely misses the hobgoblin.
The arrow hits the goblin!
You kill the goblin!
Robin throws the goblin at you!
A goblin comes into view. It is wielding a +0 dagger.
You shoot an arrow. The goblin shouts!
The arrow hits the goblin.
The goblin is severely wounded.
You hear a shout! x2
A goblin comes into view. It is wielding a +0 club.
Robin throws the goblin at you!
A goblin comes into view. It is wielding a +0 dagger.
The goblin hits you with a +0 dagger. The goblin barely misses you.
Robin roars a battlecry!
The goblins go into a battle-frenzy!
A goblin comes into view. It is wielding a +0 club.
The goblin misses you.
You shoot an arrow. The goblin shouts!
The arrow hits the goblin!
You kill the goblin!
The goblin closely misses you. Robin throws the goblin at you!
You shoot an arrow. The arrow hits the goblin.
The goblin is severely wounded.
A ribbon worm comes into view.
The goblin hits you with a +0 club. x2; Robin throws the goblin at you!
The goblin misses you.
1346 ||| READING scroll of teleportation.
As you read the scroll of teleportation, it crumbles to dust.
You feel strangely unstable. The goblin completely misses you.
The hobgoblin hits you.
You die...

##...##......#)##
#.#..........).##
#.##............#
.............#..#
..##..###...###..##.#
.... #..## #.<...#
###.. #..# #...###
... ##..# #..## ..#
#g@g# #..#
#.gg...##..%
...^..##......
.....#..# ..##...
.#.....g# ..<...
....$.... ###.
.....))w) ....>.g).


You could see a ribbon worm, Robin, a hobgoblin (strong) and 4 goblins.

Vanquished Creatures
  A dart slug (D:1)
  A ribbon worm (D:2)
  5 orcs
  7 ball pythons
  4 bats (D:1)
  6 endoplasms
  2 giant cockroaches
  7 goblins
  2 hobgoblins
  3 kobolds
  3 rats
41 creatures vanquished.

Notes
Turn   | Place    | Note
-------+----------+-------------------------------------------
     0 | D:1      | qw the Spriggan Hunter began the quest for the Orb.
     0 | D:1      | Reached XP level 1. HP: 10/10 MP: 2/2
     0 | D:1      | 0 ||| qw: Version: 0.3-a-160-g6735b56
     0 | D:1      | 0 ||| qw: Game counter: 5612
     0 | D:1      | 0 ||| qw: Melee chars always use a shield: true
     0 | D:1      | 0 ||| qw: God list: Okawaru
     0 | D:1      | 0 ||| qw: Allow faded altars: false
     0 | D:1      | 0 ||| qw: Do Orc after clearing Dungeon:15 true
     0 | D:1      | 0 ||| qw: Do second Lair branch before Depths: true
     0 | D:1      | 0 ||| qw: Lair rune preference: random
     0 | D:1      | 0 ||| qw: Goals: Normal
     0 | D:1      | 0 ||| PLANNING D:1-11
    80 | D:1      | Reached skill level 3 in Dodging
   180 | D:1      | Reached XP level 2. HP: 14/14 MP: 3/3
   663 | D:1      | Reached XP level 3. HP: 18/18 MP: 4/4
   808 | D:1      | 808 ||| READING 3 scrolls labelled GAHOID FUAJ.
   809 | D:1      | 809 ||| READING scroll labelled POOGISI DOMOLE.
   810 | D:1      | 810 ||| DROPPING scroll of butterflies.
   811 | D:1      | 811 ||| DROPPING 2 scrolls of fear.
  1221 | D:2      | 1221 ||| DROPPING +6 ring of intelligence.
  1222 | D:2      | 1222 ||| READING scroll labelled NAYTUX FEO.
  1255 | D:2      | 1255 ||| READING scroll labelled PUUFIO NYSIJA.
  1255 | D:2      | 1255 ||| IDENTIFYING clear potion
  1256 | D:2      | 1256 ||| READING scroll labelled DAQAAVECLY.
  1260 | D:2      | 1260 ||| DROPPING potion of degeneration.
  1274 | D:3      | 1274 ||| STAIRDANCE
  1279 | D:3      | 1279 ||| STAIRDANCE
  1341 | D:3      | Noticed Robin
  1345 | D:3      | HP: 4/18 [goblin/+0 club[Robin] (5)]
  1346 | D:3      | 1346 ||| READING scroll of teleportation.
  1346 | D:3      | Slain by a hobgoblin

Levels and vault maps discovered:
D:1:      scummos_arrival_gate, layout_basic, minmay_tripent
D:2:      layout_basic
D:3:      layout_rooms, gammafunk_ghost_icy, minmay_shallow_snake_nest,
          uniq_robin

Skill      XL: |  1  2 |
---------------+-------+-----
Dodging        | 3 4 |  4.0
Fighting       | |  1.5
Ranged Weapons | |  4.9
Stealth        | |  1.5

Action                     || total
---------------------------++-------
   Fire: Shortbow          ||   104
    Use: Scroll            ||     6
 Armour: Robe              ||    20
  Dodge: Dodged            ||    64

Table legend:
 A = Non-vault XP
 B = Vault XP
 C = Vault XP percentage of total XP
 D = Non-vault monster count
 E = Vault monster count
 F = Vault count percentage of total count
                 A         B        C        D         E       F
            +---------+---------+-------+---------+---------+-------
      Total |      70 |      13 |  15.7 |      34 |       7 |  17.1
            +---------+---------+-------+---------+---------+-------
        D:1 |      41 |       3 |   6.8 |      21 |       2 |   8.7
        D:2 |      20 |       0 |   0.0 |       9 |       0 |   0.0
        D:3 |       9 |      10 |  52.6 |       4 |       5 |  55.6
            +---------+---------+-------+---------+---------+-------
